cohdb
Replays
Latest Replays
All Replays
Popular Replays
Top Player Replays
Match Explorer
How It Works
Community
CoH3 Stats
Reddit
Sign in to upload your games and track your stats! →
Sign in with Steam
Match 45994851
Unlisted
Match 45994851
Overview
Messages
Build Orders
End
Engineer Squad
Selects Advanced Infantry Battlegroup
Engineer Squad
Construct Weapon Support Center
Scout Squad
M1919 Machine Gun Team
Sniper
M1919 Machine Gun Team
Engineer Squad
Sniper
Infantry Support Center
Bazooka Squad
Bazooka Squad
Construct Tank Depot
M18 Hellcat Tank Destroyer
Construct Medical Station
Engineer Squad
M18 Hellcat Tank Destroyer
Selects Ammunition Storage
Selects M2A1 105mm Howitzer Emplacement
Selects 155mm Rapid Artillery Barrage
Engineer Squad
M1919 Machine Gun Team
M1919 Machine Gun Team
M18 Hellcat Tank Destroyer
Engineer Squad
Sniper
Engineer Squad
Galician_sound
Fajolada
0
0
Comments
sign in to comment!
No comments posted yet!